 Dungeon Crawl Stone Soup version 0.27-a0-1291-geefcff550b (webtiles) character file.

Game seed: 2960091966228968274

3 dickylongcocking the Magician (level 1, -1/15 HPs)
             Began as a Djinni Fire Elementalist on June 15, 2021.
             Slain by a ball python (3 damage)
             ... on level 1 of the Dungeon.
             The game lasted 00:00:06 (205 turns).

dickylongcocking the Magician (DjFE)                 Turns: 205, Time: 00:00:07

Health: -1/15      AC:  2    Str:  7    XL:     1   Next: 55%
Gold:   8          EV: 12    Int: 16    God:
                   SH:  0    Dex: 13

rFire    + + .     SeeInvis .   (no weapon)
rCold    x . .     Faith    .   (no shield)
rNeg     . . .     Spirit   .   a - +0 robe
rPois    ∞         Reflect  .   (no helmet)
rElec    .         Harm     .   (no cloak)
rCorr    .         Rampage  .   (no gloves)
Will     .....                  (boots unavailable)
Stlth    ++........             (no amulet)
HPRegen  0.05/turn              (no ring)
MPRegen  0.00/turn              (no ring)

@: flying
A: sickness immunity, fire resistance 2, cold vulnerability 1, float, innate
caster, hp casting, extra vitality 1
a: no special abilities


You were on level 1 of the Dungeon.
You visited 1 branch of the dungeon, and saw 1 of its levels.

You collected 8 gold pieces.

Inventory:

Armour
 a - a +0 robe (worn)
Scrolls
 b - a scroll of identify {unknown}


   Skills:
 + Level 2.2 Dodging
 + Level 1.7 Stealth
 + Level 2.4 Spellcasting


You couldn't memorise any spells.
You knew the following spells:

 Your Spells              Type           Power      Damage    Failure   Level
a - Foxfire               Conj/Fire      36%        2x1d5     7%          1
b - Conjure Flame         Conj/Fire      9%         6-21      22%         3
c - Inner Flame           Hex/Fire       9%         N/A       22%         3
d - Sticky Flame          Conj/Fire      9%         2d3       56%         4
e - Fireball              Conj/Fire      4%         3d4       89%         5
Your spell library was empty.

Dungeon Overview and Level Annotations

Branches:
Dungeon (1/15)

Altars:


Innate Abilities, Weirdness & Mutations

You are immune to sickness and miasma.
You are immune to poison.
Your flesh is very heat resistant. (rF++)
You are vulnerable to cold. (rC-)
You float through the air rather than walking.
You learn spells naturally, not from books.
Your magical power is your life essence.
You have superior vitality. (+4 HP)


Message History

A ball python comes into view.
Your foxfire dissipates!
An endoplasm comes into view.
A kobold comes into view. It is wielding a +0 dagger.
Found a stone staircase leading down.
You conjure some foxfire!
The quokka bites you.
You barely miss the quokka.
The foxfire hits the quokka.
The quokka is severely wounded.
The quokka bites you.
You hit the quokka.
The quokka is almost dead.
The quokka bites you.
* * * LOW HITPOINT WARNING * * *
You are too injured to fight recklessly!
You are too injured to fight recklessly!
Unknown command.
The foxfire hits the quokka.
You kill the quokka!
The frilled lizard bites you.
* * * LOW HITPOINT WARNING * * *
There are monsters nearby!
You are too injured to fight recklessly!
You are too injured to fight recklessly!
You are too injured to fight recklessly!
You are too injured to fight recklessly!
Casting: Foxfire (safe; 7% risk of failure)
Confirm with . or Enter, or press ? or * to list all spells.
You conjure some foxfire!
* * * LOW HITPOINT WARNING * * *
Unknown command.
Your foxfire dissipates!
The foxfire hits the frilled lizard.
You kill the frilled lizard!
Unknown command.
Casting: Foxfire (safe; 7% risk of failure)
Confirm with . or Enter, or press ? or * to list all spells.
You conjure some foxfire!
* * * LOW HITPOINT WARNING * * *
The ball python bites you.
You die...

### ... . # #.#
.J #> #.# .. #.
#.#
.##.#.####.###
.........K.S@##
.......#.###vv#
......†...###.##
.....#.#..# #..#
... ...K..#
##.## .
........#
##..####
......[...#
#......#
.......#.##
#......#
#.#..###.#
#......#


You could see a ball python (ally target) and a kobold.

Vanquished Creatures
  A giant cockroach (D:1)
  A quokka (D:1)
  A frilled lizard (D:1)
3 creatures vanquished.

Vanquished Creatures (others)
  6 foxfires (D:1)
6 creatures vanquished.

Grand Total: 9 creatures vanquished

Notes
Turn   | Place    | Note
-------+----------+-------------------------------------------
     0 | D:1      | dickylongcocking the Djinni Fire Elementalist began the
                  | quest for the Orb.
     0 | D:1      | Reached XP level 1. HP: 15/15 MP: 0/0
   205 | D:1      | Slain by a ball python

Illustrated notes

Levels and vault maps discovered:
D:1:      dpeg_arrival_chambers_temple_mockup, layout_basic,
          hellmonk_ecumenical_altar_run_dry

Action                   || total
-------------------------++-------
Melee: Unarmed           ||     4
 Cast: Foxfire           ||     7
Armor: Robe              ||     1
Dodge: Dodged            ||     1

Table legend: (Time is in decaauts)
 A = Elapsed time spent in this place.
 B = Non-inter-level travel time spent in this place.
 C = Inter-level travel time spent in this place.
 D = Time resting spent in this place.
 E = Time spent auto-exploring this place.
 F = Levels seen in this place.
 G = Mean time per level.
                   A        B        C        D        E       F      G
               +--------+--------+--------+--------+--------+-----+--------+
         Total |    205 |    205 |      0 |      0 |    178 |   1 |  205.0 |
       Dungeon |    205 |    205 |      0 |      0 |    178 |   1 |  205.0 |
               +--------+--------+--------+--------+--------+-----+--------+

Top non-repeatable levels by time:
     D:1: 205 daAuts
